cohdb
Replays
Latest Replays
All Replays
Popular Replays
Top Player Replays
Match Explorer
How It Works
Community
CoH3 Stats
Reddit
Sign in to upload your games and track your stats! →
Sign in with Steam
Match 39483827
Unlisted
Match 39483827
Overview
Messages
Build Orders
End
Construct Infanterie Kompanie
MG 42 Machine Gun Team
Grenadier Squad
Selects Terror Battlegroup
Selects Terror Battlegroup
Grenadier Squad
Grenadier Squad
Construct Luftwaffe Kompanie
221 Scout Car
Jäger Squad
Jäger Squad
Selects Interrogate
Jäger Squad
Selects Propaganda Leaflet Drop
Medical Station
Flak 30 Anti-aircraft Gun Team
Flak 30 Anti-aircraft Gun Team
Construct Panzer Kompanie
Propaganda Leaflet Drop
Jäger Squad
Jäger Squad
Selects V1 Rocket Strike
Sturmpanzer IV Brummbär
Pioneer Squad
Jäger Squad
Jäger Squad
Selects Machine Gun Camouflage
Selects Defend the Fatherland
V1 Rocket Strike
NewPeopleArmy
GEST1120
Zerg6412
Easy Eight
wila
YuiJJang
LittleFatty233
dkdkabc
0
0
Comments
sign in to comment!
No comments posted yet!